 Dungeon Crawl Stone Soup version 0.29.1-15-g9cfb28693d (webtiles) character file.

Game seed: 9495663433957706070

73 protoss039 the Digger (level 4, 33/33 HPs)
             Began as a Demonspawn Earth Elementalist on Mar 25, 2023.
             Got out of the dungeon alive.
             The game lasted 00:02:46 (1902 turns).

protoss039 the Digger (DsEE)                        Turns: 1902, Time: 00:02:46

Health: 33/33      AC:  7    Str:  8    XL:     4   Next: 8%
Magic:  8/8        EV: 10    Int: 18    God:
Gold:   100        SH:  4    Dex: 14    Spells: 5/8 levels left

rFire   . . .      SeeInvis .   e - +0 short sword
rCold   . . .      Faith    .   f - orb {mayhem}
rNeg    . . .      Spirit   .   a - +0 ring mail
rPois   .          Reflect  .   j - +0 helmet
rElec   .          Harm     .   k - +0 cloak
rCorr   .          Rampage  .   (no gloves)
Will    .....                   (no boots)
Stlth   +.........              (no amulet)
HPRegen 0.11/turn               (no ring)
MPRegen 0.11/turn               (no ring)

@: no status effects
A: powered by pain 1, condensation shield
a: no special abilities


You escaped.
You visited 1 branch of the dungeon, and saw 2 of its levels.

You collected 100 gold pieces.

Inventory:

Hand Weapons
 e - a +0 short sword (weapon)
Armour
 a - a +0 ring mail (worn)
 f - an orb of mayhem (worn)
 j - a +0 helmet (worn)
 k - a +0 cloak (worn)
Scrolls
 c - a scroll of vulnerability {unknown}
 g - a scroll of identify {unknown}
 h - a scroll of teleportation {unknown}
 i - a scroll of enchant weapon {unknown}
Potions
 b - a potion of magic
 d - a potion of curing {unknown}
 l - a potion of resistance {unknown}


   Skills:
 + Level 1.9 Fighting
 - Level 1.7 Dodging
 - Level 1.7 Stealth
 + Level 2.8 Spellcasting
 - Level 0.8 Transmutations
 + Level 3.4 Earth Magic


You had 5 spell levels left.
You knew the following spells:

 Your Spells              Type           Power      Damage    Failure   Level
a - Sandblast             Erth           28%        2d8       13%         1
b - Passwall              Tmut/Erth      8%         N/A       32%         2

Your spell library contained the following spells:

 Spells                   Type           Power      Damage    Failure   Level
 Stone Arrow              Conj/Erth      16%        3d8       58%         3
 Petrify                  Tmut/Erth      10%        N/A       91%         4


Dungeon Overview and Level Annotations

Branches:
Dungeon (2/15) Zot: 10076

Altars:

Shops:
D:2 [


Innate Abilities, Weirdness & Mutations

You sometimes gain a little power by taking damage.
A meltable shield of frost defends you. (SH +4)


Message History

Unknown command.
Casting: Sandblast (safe; 13% risk of failure)
Confirm with . or Enter, or press ? or * to list all spells.
Aiming: Sandblast (safe; 13% risk of failure)
Press: ? - help, Shift-Dir - straight line, f - you That would be overly suicidal.
Okay, then.
Casting: Sandblast (safe; 13% risk of failure)
Confirm with . or Enter, or press ? or * to list all spells.
Aiming: Sandblast (safe; 13% risk of failure)
Press: ? - help, Shift-Dir - straight line, f - ball python
Aim: a ball python (80% to hit)
You miscast Sandblast.
You are very lightly contaminated with residual magic.
Nothing appears to happen.
Unknown command.
Casting: Sandblast (safe; 13% risk of failure)
Confirm with . or Enter, or press ? or * to list all spells.
Aiming: Sandblast (safe; 13% risk of failure)
Press: ? - help, Shift-Dir - straight line, f/p - ball python
Aim: a ball python (80% to hit)
The blast of sand hits the ball python!
You kill the ball python!
Unknown command.
Unknown command.
Your magical contamination has completely faded away.
You see here a hobgoblin skeleton.
You see here a +0 leather armour.
You see here a +0 short sword.
Things that are here:
a +0 whip; 7 stones; a kobold skeleton
There is a stone staircase leading up, spattered with blood here.
You climb upwards.
There is a stone staircase leading down here.
Unknown command.
There is an open gate here.
There is an open door here.
There is a staircase leading out of the dungeon here.
Are you sure you want to leave the Dungeon?
This will make you lose the game!
You have escaped!

#................##
#♣...♣♣#'''#♣.♣....
♣.♣♣###...###♣♣...
♣♣♣ #.......# ♣♣..
####..8.8..####♣.
###..#.......#..###
#....'.8...8.#....#
#....#^..⌠...#....#
#.@..#.8...8.'..⌠.#
#....#...8...#....#
###################


There were no monsters in sight!

Vanquished Creatures
  5 adders (D:2)
  A dart slug (D:1)
  4 endoplasms
  3 goblins
  3 hobgoblins (D:2)
  2 jackals (D:1)
  2 ball pythons (D:2)
  2 bats
  2 frilled lizards (D:1)
  2 kobolds (D:2)
  3 rats (D:1)
29 creatures vanquished.

Vanquished Creatures (others)
  A plant (D:1)
1 creature vanquished.

Grand Total: 30 creatures vanquished

Notes
Turn   | Place    | Note
-------+----------+-------------------------------------------
     0 | D:1      | protoss039 the Demonspawn Earth Elementalist began the
                  | quest for the Orb.
     0 | D:1      | Reached XP level 1. HP: 13/13 MP: 3/3
   393 | D:1      | Gained mutation: You sometimes gain a little power by
                  | taking damage. [demonic ancestry]
   393 | D:1      | Reached XP level 2. HP: 17/20 MP: 1/5
   750 | D:1      | Reached skill level 1 in Fighting
   855 | D:1      | Found a faded altar of an unknown god.
  1154 | D:1      | Learned a level 2 spell: Passwall
  1155 | D:2      | Found Vasauhef's Antique Armour Shop.
  1163 | D:2      | Reached skill level 3 in Earth Magic
  1165 | D:2      | Reached XP level 3. HP: 23/26 MP: 0/6
  1666 | D:2      | Gained mutation: A meltable shield of frost defends you.
                  | (SH +4) [demonic ancestry]
  1666 | D:2      | Reached XP level 4. HP: 33/33 MP: 5/8
  1902 | D:$      | Got out of the dungeon alive.

Illustrated notes

Levels and vault maps discovered:
D:1:      sevenhm_arrival_forest_fort_large_2, layout_loops_ring,
          dreamdust_ecumenical_altar_hidden_monk_grotto, grunt_decor_junction,
          serial_bayou_pond_b
D:2:      layout_loops_ring, serial_shops, shop, uniq_natasha

Skill      XL: |  1  2 |
---------------+-------+-----
Fighting       | 1 |  1.9
Earth Magic    | 3 |  3.4
Dodging        | |  1.7
Stealth        | |  1.7
Spellcasting   | |  2.8
Transmutations | |  0.8

Action                   |  1- 3 |  4- 6 || total
-------------------------+-------+-------++-------
Melee: Unarmed           |     9 |       ||     9
       Short sword       |    41 |       ||    41
 Cast: Sandblast         |    27 |     2 ||    29
 Stab: Sleeping          |     5 |       ||     5
Armor: Robe              |     4 |       ||     4
       Ring mail         |    13 |       ||    13
       Leather armour    |     8 |       ||     8
Dodge: Dodged            |    48 |       ||    48
